 Dungeon Crawl Stone Soup version 0.30-a0-422-g946f4849ff (webtiles) character file.

Game seed: 11916960562059744538

3394 sleeves the Martial Artist (level 9, -3/59 HPs)
             Began as a Demonspawn Transmuter on Dec 8, 2022.
             Succumbed to a killer bee's poison
             ... on level 7 of the Dungeon.
             The game lasted 00:10:01 (6137 turns).

sleeves the Martial Artist (Demonspawn Transmuter)  Turns: 6137, Time: 00:10:01

Health: -3/59      AC:  3    Str: 11    XL:     9   Next: 75%
Magic:  11/12      EV: 12    Int: 18    God:
Gold:   357        SH:  0    Dex: 16    Spells: 11/12 levels left

rFire   . . .      SeeInvis +      - Unarmed
rCold   . . .      Faith    .    (no shield)
rNeg    . . .      Spirit   .    B - +0 robe
rPois   .          Reflect  .    (helmet currently unavailable)
rElec   .          Harm     .    (no cloak)
rCorr   .          Rampage  .    H - +0 pair of gloves
Will    +....                    (boots currently unavailable)
Stlth   ++........               (no amulet)
HPRegen 0.29/turn                j - ring of see invisible
MPRegen 0.13/turn                f - ring of willpower

@: lethally poisoned (-3 -> -32), appendages
A: horns 2, talons 2, thin skeletal structure 1, powered by death 1, demonic
touch 2
a: End Transformation


You were on level 7 of the Dungeon.
You had temporarily grown beastly horns and talons.
You visited 2 branches of the dungeon, and saw 10 of its levels.

You collected 357 gold pieces.

Inventory:

Hand Weapons
 a - the +8 sling of the Saviour {flame, rC+ Stlth+}
   (You found it on level 5 of the Dungeon)

   Any ammunition fired from it burns those it strikes, dealing additional fire
   damage.
   rC:        It protects you from cold.
   Stlth:     It makes you more stealthy.
Armour
 c - a +0 helmet (melded)
   (You found it on level 1 of the Dungeon)
 n - a +1 pair of boots (melded)
   (You found it on level 2 of the Dungeon)
 B - a +0 robe (worn)
 H - a +0 pair of gloves (worn)
   (You found it on level 6 of the Dungeon)
Jewellery
 f - a ring of willpower (right hand)
   (You took it off an orc on level 7 of the Dungeon)
 j - a ring of see invisible (left hand)
   (You found it on level 1 of the Dungeon)
 m - a ring of ice
   (You found it on level 2 of the Dungeon)
 t - an amulet of faith
   (You found it on level 3 of the Dungeon)
 w - a ring of ice
   (You found it on level 4 of the Dungeon)
 F - a ring of flight
   (You found it on level 8 of the Dungeon)
 G - a ring of ice
   (You found it on level 6 of the Dungeon)
Wands
 k - a wand of polymorph (3)
   (You took it off a gnoll sergeant on level 7 of the Dungeon)
 v - a wand of charming (9)
   (You found it on level 3 of the Dungeon)
 y - a wand of digging (4)
   (You took it off a hobgoblin on level 4 of the Dungeon)
 C - a wand of mindburst (7)
   (You found it on level 5 of the Dungeon)
Scrolls
 g - 6 scrolls of teleportation
 h - 2 scrolls of blinking
 i - 3 scrolls of fear
 l - a scroll of enchant armour {unknown}
 o - a scroll of vulnerability {unknown}
 p - 2 scrolls of fog {unknown}
 r - 2 scrolls of amnesia {unknown}
 z - a scroll of acquirement {unknown}
 D - a scroll of magic mapping {unknown}
 E - a scroll of poison {unknown}
 I - 2 scrolls of immolation {unknown}
Potions
 b - 2 potions of lignification
 d - 2 potions of magic {unknown}
 e - 6 potions of curing
 q - 2 potions of invisibility {unknown}
 s - 2 potions of degeneration {unknown}
 u - 3 potions of mutation {unknown}
 x - 3 potions of heal wounds
 A - a potion of haste {unknown}
 J - a potion of ambrosia {unknown}


   Skills:
 - Level 1.0 Fighting
 - Level 1.7 Dodging
 + Level 12.9 Unarmed Combat
 - Level 2.0 Spellcasting
 - Level 1.7 Transmutations


You had 11 spell levels left.
You knew the following spells:

 Your Spells              Type           Power      Damage    Failure   Level
a - Beastly Appendage     Tmut           16%        N/A       9%          1

Your spell library contained the following spells:

 Spells                   Type           Power      Damage    Failure   Level
 Wereblood                Tmut           8%         N/A       13%         2
 Foxfire                  Conj/Fire      4%         2x1d4     19%         1
 Summon Small Mammal      Summ           4%         N/A       19%         1
 Spider Form              Tmut/Pois      4%         N/A       36%         3
 Call Canine Familiar     Summ           1%         N/A       47%         3
 Summon Guardian Golem    Hex/Summ       1%         N/A       47%         3
 Ice Form                 Ice/Tmut       4%         N/A       77%         4
 Flame Wave               Conj/Fire      1%         2d4       87%         4
 Summon Forest            Summ/Tloc      0%         N/A       99%         5
 Summon Mana Viper        Hex/Summ       1%         N/A       99%         5
 Summon Cactus Giant      Summ           0%         N/A       100%        6
 Ignition                 Fire           0%         3d3       100%        8


Dungeon Overview and Level Annotations

Branches:
Dungeon (9/15)             Temple (1/1) D:4
   Lair: D:8-11         Orc: D:9-12

Altars:
Cheibriados
Fedhas
Kikubaaqudgha
Nemelex Xobeh
Okawaru
Trog
Xom

Shops:
D:2 (   D:4 !


Innate Abilities, Weirdness & Mutations

You have temporarily grown beastly horns and talons.
You have a somewhat thin skeletal structure. (Dex +2, Stealth+)
You regenerate a little health from kills.
Your touch may inflict irresistible damage on your foes.


Message History

Your +1 pair of boots unmelds from your body.
You see here a +0 club.
Things that are here:
a +0 flail; a +0 spear You see here a +0 club.
Things that are here:
a +0 trident; a +0 scale mail; a +0 buckler You start resting.
HP restored.
You see here a +0 club.
Things that are here:
a +0 flail; a +0 spear The hornet buzzes angrily.
A hornet is nearby!
Aiming: Mindburst
Press: ? - help, Shift-Dir - straight line, f - hornet
Aim: a hornet (chance to affect: 55%)
The hornet resists with significant effort.
Aiming: Mindburst
Press: ? - help, Shift-Dir - straight line, f/p - hornet
Aim: a hornet (chance to affect: 55%)
The hornet's mind is blasted!
Aiming: Mindburst
Press: ? - help, Shift-Dir - straight line, f/p - hornet
Aim: a hornet (moderately wounded, chance to affect: 55%)
The hornet resists with significant effort.
The hornet closely misses you.
Aiming: Mindburst
Press: ? - help, Shift-Dir - straight line, f/p - hornet
Aim: a hornet (moderately wounded, chance to affect: 55%)
The hornet's mind is blasted!
The hornet stings you but does no damage.
Aiming: Mindburst
Press: ? - help, Shift-Dir - straight line, f/p - hornet
Aim: a hornet (almost dead, chance to affect: 55%)
The hornet's mind is blasted!
You blow up the hornet!
E - a +0 pair of gloves
Found a rapier.
You see here a +0 rapier.
Found 5 stones.
Found an escape hatch in the floor.
You now have 293 gold pieces (gained 10).
You see here 5 stones.
You see here 5 stones.
Found a buckler.
Found 6 poisoned darts.
x - 3 bubbling emerald potions (gained 1)
A shadow imp comes into view.
The +8 sling of the Saviour {flame, rC+ Stlth+} bursts into flame!
a - the +8 sling of the Saviour (weapon)
{flame, rC+ Stlth+} You see here a +0 buckler.
Found a stone staircase leading down.
Found a notched glass ring.
F - a ring of flight A sky beast comes into view.
You shoot a sling bullet. The sling bullet hits the sky beast.
The sling bullet burns the sky beast.
The sky beast is lightly wounded.
No target in view!
You shoot a sling bullet. The sling bullet hits the sky beast!
The sling bullet burns the sky beast.
The sky beast is heavily wounded.
You shoot a sling bullet. The sling bullet hits the sky beast.
The sling bullet burns the sky beast.
The sky beast is severely wounded.
You shoot a sling bullet. The sling bullet hits the sky beast!
The sling bullet burns the sky beast.
You kill the sky beast!
Found a stone staircase leading up.
Found 17 gold pieces and a scroll labelled JUEFEA QIRAKK.
Found a stone staircase leading up.
Found a stone staircase leading up.
There is a stone staircase leading up here.
You climb upwards.
The orc shouts! x2; The orc wizard shouts!
You hear an angry buzzing noise.
The orc shouts!
You hear a shout!
You hear an angry buzzing noise. x3
You hear a shout! x2
Found a scroll labelled VEXTIE AMAO and 19 gold pieces.
There is a stone staircase leading down here.
You climb downwards.
There is a stone staircase leading up here.
There is a stone staircase leading up here.
You climb upwards.
Found a scroll of noise and 12 gold pieces.
There is a stone staircase leading down here.
You now have 305 gold pieces (gained 12).
f - 4 scrolls of noise (gained 1)
Found a ring mail.
A wyvern comes into view.
Found a scale mail.
The wyvern hisses angrily.
An orc warrior comes into view. It is wielding a +0 long sword.
You see here a +0 ring mail.
There are monsters nearby!
You shoot a sling bullet. The sling bullet hits the wyvern!
The sling bullet burns the wyvern.
The wyvern is moderately wounded.
You shoot a sling bullet. The sling bullet hits the wyvern.
The sling bullet burns the wyvern.
The wyvern is heavily wounded.
An ice beast comes into view.
You shoot a sling bullet.
The sling bullet barely misses the wyvern.
The wyvern barely misses you.
The wyvern bites you but does no damage.
The wyvern barely misses you.
You shoot a sling bullet. The sling bullet hits the wyvern.
The sling bullet burns the wyvern.
The wyvern is severely wounded.
The wyvern closely misses you. The wyvern barely misses you.
You shoot a sling bullet. The sling bullet hits the wyvern!
The sling bullet burns the wyvern.
You kill the wyvern!
Your Unarmed Combat skill increases to level 11!
You shoot a sling bullet. The sling bullet hits the ice beast.
The sling bullet melts the ice beast.
The ice beast is lightly wounded.
You shoot a sling bullet. The sling bullet hits the ice beast!
The sling bullet melts the ice beast.
The ice beast is severely wounded.
The ice beast closely misses you.
You shoot a sling bullet. The sling bullet hits the ice beast!
The sling bullet melts the ice beast.
You kill the ice beast!
You have reached level 9!
Your experience leads to an increase in your attributes!
Increase (S)trength, (I)ntelligence, or (D)exterity?
You feel clever. x2; Your demonic ancestry asserts itself...
Your bones become slightly less dense.
Things that are here:
a +0 ring mail; a wyvern corpse An orc warrior is nearby!
An orc warrior is nearby!
An orc warrior is nearby!
An orc warrior is nearby!
You shoot a sling bullet. The orc warrior shouts!
The sling bullet hits the orc warrior.
The sling bullet burns the orc warrior.
The orc warrior is lightly wounded.
You shoot a sling bullet. The sling bullet hits the orc warrior.
The sling bullet burns the orc warrior.
The orc warrior is lightly wounded.
You shoot a sling bullet.
The sling bullet barely misses the orc warrior.
A howler monkey comes into view.
You shoot a sling bullet. The howler monkey howls!
The sling bullet hits the orc warrior.
The sling bullet burns the orc warrior.
The orc warrior is heavily wounded.
You hear a shout!
A hornet comes into view.
You shoot a sling bullet.
The sling bullet barely misses the orc warrior.
Things that are here:
a +0 ring mail; a wyvern corpse The howler monkey hoots and howls with incredible vigour!
You hear an angry buzzing noise.
You hear a howl!
You hear a shout!
You hear an angry buzzing noise. x2; You hear a shout! x2
You hear an angry buzzing noise.
You hear a shout!
You don't have any such object.
Evoke which item? (* to show all) (? for menu, Esc to quit)
Aiming: Charm
Press: ? - help, Shift-Dir - straight line, f/p - orc warrior
Aim: an orc warrior, wielding a +0 long sword and wearing a +0 chain mail (moderately wounded, chance to affect: 49%)
The orc warrior is charmed.
What are your orders? t - Shout!
Orders for allies: a - Attack new target. p - Attack previous target. r - Retreat! s - Stop attacking. g - Guard the area. f - Follow me.
Anything else - Cancel.
Gang up on whom?
Press: ? - help, Dir - move target, f - hornet, p - orc warrior
Aim: a hornet Attack!
The hornet stings your orc warrior.
Your orc warrior seems to slow down.
Your orc warrior hits the hornet with a +0 long sword!
The hornet stings your orc warrior.
Your orc warrior is poisoned.
Your orc warrior suddenly stops moving!
The +8 sling of the Saviour {flame, rC+ Stlth+} stops flaming.
You are now empty-handed.
The hornet stings your orc warrior.
The hornet stings your orc warrior but does no damage.
Your orc warrior is no longer paralysed.
The howler monkey hits your orc warrior.
Your orc warrior dies!
Casting: Beastly Appendage (safe; 9% risk of failure)
Confirm with . or Enter, or press ? or * to list all spells.
You grow a pair of large bovine horns.
Your feet morph into talons.
Your +0 helmet melds into your body.
Your +1 pair of boots melds into your body.
The hornet misses you. The hornet stings you!
You feel yourself slow down.
You punch the hornet! You claw the hornet, but do no damage.
Your headbutt misses the hornet.
You touch the hornet.
The hornet is almost dead.
The hornet closely misses you.
You punch the hornet!
You kill the hornet!
You feel yourself speed up.
The howler monkey hoots and howls with incredible vigour!
You hear a howl!
You hear an angry buzzing noise.
You hear a howl!
You hear an angry buzzing noise.
You hear a shout! x2
You hear an angry buzzing noise. x4; You hear a shout! x2
You hear an angry buzzing noise.
You hear a shout! x2
The howler monkey hits you.
Items here: ) [[ ††.
You completely miss the howler monkey. Your kick misses the howler monkey.
The howler monkey hoots and howls with incredible vigour!
You hear a howl!
You hear an angry buzzing noise. x2; You hear a shout! x2
Something shouts, "Go and return not, thou puny clay-brained minnow reeky!"
You hit the howler monkey. Your kick misses the howler monkey.
You punch the howler monkey.
The howler monkey is heavily wounded.
The howler monkey closely misses you.
You barely miss the howler monkey. Your kick misses the howler monkey.
You touch the howler monkey.
The howler monkey is almost dead.
The howler monkey hits you.
You punch the howler monkey!
You kill the howler monkey!
You see here a howler monkey corpse.
Your transformation is almost over.
Items here: ) [[ ††.
A steam dragon comes into view.
A steam dragon is nearby!
A steam dragon is nearby!
A steam dragon is nearby!
A jelly comes into view.
Your horns disappear.
Your talons disappear.
Your +0 helmet unmelds from your body.
Your +1 pair of boots unmelds from your body.
You start resting.
A steam dragon is nearby!
You completely miss the steam dragon. The steam dragon bites you!
The steam dragon claws you but does no damage.
Casting: Beastly Appendage (safe; 9% risk of failure)
Confirm with . or Enter, or press ? or * to list all spells.
You miscast Beastly Appendage.
You are very lightly contaminated with residual magic.
Nothing appears to happen.
The steam dragon barely misses you. The steam dragon claws you.
You punch the steam dragon!
The steam dragon is moderately wounded.
The steam dragon bites you. The steam dragon closely misses you.
The jelly quivers.
You punch the steam dragon!
The steam dragon is heavily wounded.
The steam dragon breathes steam at you. The ball of steam hits you!!
* * * LOW HITPOINT WARNING * * *
You hear a shout!
You closely miss the steam dragon.
The steam dragon is heavily wounded.
You are engulfed in a cloud of scalding steam.
The steam dragon barely misses you. The steam dragon claws you.
* * * LOW HITPOINT WARNING * * *
Okay, then.
Aiming: Mindburst
Press: ? - help, Shift-Dir - straight line, f - steam dragon
Aim: a steam dragon (steam, heavily wounded, catching its breath, chance to affect: 64%)
Okay, then.
Aiming: Mindburst
Press: ? - help, Shift-Dir - straight line, f - steam dragon
Aim: a steam dragon (steam, heavily wounded, catching its breath, chance to affect: 64%)
The steam dragon's mind is blasted!
You blow up the steam dragon!
You are engulfed in a cloud of scalding steam.
* * * LOW HITPOINT WARNING * * *
Your magical contamination has completely faded away.
An ogre comes into view. It is wielding a +0 giant spiked club.
There is a stone staircase leading down here.
You climb downwards.
There is a stone staircase leading up here.
You start resting.
HP restored.
You climb upwards.
The ogre closely misses you. The jelly hits you but does no damage.
There is a stone staircase leading down here.
You hit the ogre but do no damage. Your touch misses the ogre.
You punch the ogre.
The ogre is moderately wounded.
The jelly completely misses you.
You hit the ogre but do no damage.
The ogre is moderately wounded.
The ogre closely misses you. The jelly hits you but does no damage.
You barely miss the ogre.
The ogre is moderately wounded.
The ogre closely misses you.
The jelly jiggles.
The jelly barely misses you.
You barely miss the ogre. You punch the ogre!
The ogre is heavily wounded.
You punch the ogre!
The ogre is almost dead.
The jelly closely misses you.
The ogre hits you with a +0 giant spiked club.
You punch the ogre!
You kill the ogre!
The jelly barely misses you.
You punch the jelly!
Your hands burn!
The jelly is heavily wounded.
The jelly hits you.
You are splashed with acid.
You punch the jelly!
You kill the jelly!
No target in view!
No target in view!
No target in view!
No target in view!
No target in view!
No target in view!
No target in view!
No target in view!
No target in view!
No target in view!
HP restored.
Found a stone staircase leading up.
A gnoll sergeant comes into view.
It is wielding a +0 spear and carrying a wand of polymorph (5).
A gnoll sergeant is nearby!
A gnoll sergeant is nearby!
There is a stone staircase leading up here.
You climb upwards.
Found 5 poisoned darts and a scroll of teleportation.
There is a stone staircase leading down here.
Found a leather armour.
An ufetubus comes into view.
An ufetubus is nearby!
An ufetubus is nearby!
The ufetubus shouts!
The ufetubus barely misses you.
The ufetubus hits you but does no damage.
The ufetubus closely misses you. The ufetubus hits you.
You punch the ufetubus!
You kill the ufetubus!
No target in view!
No target in view!
No target in view!
No target in view!
No target in view!
No target in view!
No target in view!
HP restored.
g - 5 scrolls of teleportation (gained 1)
A hound comes into view.
The hound barks!
You see here a scroll labelled GILIYMPALU.
A hound is nearby!
A hound is nearby!
A hound is nearby!
Found a scroll of teleportation.
You closely miss the hound.
You touch the hound!
The hound is severely wounded.
The hound closely misses you. The hound bites you but does no damage.
You punch the hound!
You kill the hound!
No target in view!
No target in view!
No target in view!
No target in view!
No target in view!
No target in view!
No target in view!
p - 2 scrolls labelled GILIYMPALU (gained 1)
You see here a hound corpse.
g - 6 scrolls of teleportation (gained 1)
G - a ring of ice A water moccasin comes into view.
A water moccasin is nearby!
The water moccasin hisses angrily.
The water moccasin barely misses you.
You miss the water moccasin. The water moccasin bites you.
You barely miss the water moccasin. The water moccasin bites you! x2
You closely miss the water moccasin.
You touch the water moccasin!
The water moccasin is moderately wounded.
The water moccasin completely misses you.
You miss the water moccasin.
You touch the water moccasin!
The water moccasin is severely wounded.
The water moccasin barely misses you.
You closely miss the water moccasin.
The water moccasin is severely wounded.
The water moccasin barely misses you.
You punch the water moccasin!
You kill the water moccasin!
Your Unarmed Combat skill increases to level 12!
No target in view!
No target in view!
No target in view!
No target in view!
No target in view!
An orc comes into view. It is wielding a +0 club.
An orc is nearby!
An orc is nearby!
An orc is nearby!
The orc shouts!
An iguana comes into view.
Found a faintly glowing whip.
You closely miss the orc.
The iguana hisses angrily.
Your touch misses the orc. The orc hits you with a +0 club.
You punch the orc!
You kill the orc!
You see here a +0 club.
You barely miss the iguana.
You touch the iguana.
Your punch misses the iguana.
The iguana is moderately wounded.
The iguana barely misses you.
You hit the iguana.
The iguana is severely wounded.
The iguana barely misses you.
You closely miss the iguana.
You touch the iguana.
You kill the iguana!
No target in view!
No target in view!
No target in view!
No target in view!
You now have 326 gold pieces (gained 21).
Found a stone staircase leading down.
Found a pair of gloves.
You see here the +8 whip "Anuteis" {freeze, rCorr MP+9}.
H - a +0 pair of gloves You open the door.
There is an open door here.
I - a scroll labelled VOT VECORCHYOSH You start putting on your armour.
You continue putting on your +0 pair of gloves. x4
You finish putting on your +0 pair of gloves.
You drop a +0 pair of gloves.
Okay, then.
There is an open door here.
E - a scroll labelled VEXTIE AMAO You now have 340 gold pieces (gained 14).
Found a stone staircase leading down.
There is a stone staircase leading down here.
Found 5 poisoned darts.
A sky beast comes into view.
A sky beast is nearby!
A sky beast is nearby!
You grow a pair of large bovine horns.
Your feet morph into talons.
Your +0 helmet melds into your body.
Your +1 pair of boots melds into your body.
The sky beast flickers out of sight for a moment.
The sky beast hits you. The sky beast shocks you.
You closely miss the sky beast. You claw the sky beast.
Your headbutt misses the sky beast.
The sky beast is lightly wounded.
The sky beast misses you.
You hit the sky beast.
You claw the sky beast, but do no damage.
You headbutt the sky beast.
The sky beast is moderately wounded.
You hit the sky beast. Your kick misses the sky beast.
Your headbutt misses the sky beast.
The sky beast is heavily wounded.
The sky beast hits you but does no damage.
You punch the sky beast! Your touch misses the sky beast.
You punch the sky beast!
You kill the sky beast!
No target in view!
No target in view!
No target in view!
No target in view!
Magic restored.
Your transformation is almost over.
Your horns disappear.
Your talons disappear.
Your +0 helmet unmelds from your body.
Your +1 pair of boots unmelds from your body.
An orc and an orc priest come into view.
The orc shouts!
There are monsters nearby!
There are monsters nearby!
You grow a pair of large bovine horns.
Your feet morph into talons.
Your +0 helmet melds into your body.
Your +1 pair of boots melds into your body.
The orc priest shouts!
An orc comes into view. It is wielding a +0 club.
You closely miss the orc priest. You claw the orc priest.
Your touch misses the orc priest.
The orc priest is lightly wounded.
The orc priest mumbles some strange prayers to Beogh against you.
Pain shoots through your body!
You closely miss the orc priest.
The orc priest is lightly wounded.
You hit the orc priest. Your kick misses the orc priest.
You touch the orc priest!
The orc priest is almost dead.
The orc priest miscasts a cantrip.
You hit the orc priest but do no damage.
The orc priest is almost dead.
The orc priest misses you.
The orc hits you from afar with a +0 trident.
You punch the orc priest!
You kill the orc priest!
The orc barely misses you.
You barely miss the orc. You claw the orc!
You kill the orc!
Your transformation is almost over.
The orc closely misses you.
You see here a +0 whip.
You hit the orc. You headbutt the orc, but do no damage.
You touch the orc.
You kill the orc!
No target in view!
No target in view!
No target in view!
No target in view!
No target in view!
No target in view!
No target in view!
No target in view!
No target in view!
Your horns disappear.
Your talons disappear.
Your +0 helmet unmelds from your body.
Your +1 pair of boots unmelds from your body.
Things that are here:
a +0 trident; a +0 leather armour; an orc corpse You see here 5 poisoned darts.
d - 2 inky potions (gained 1) Key pressed, stopping explore.
There is a stone staircase leading down here.
An orc comes into view. It is wielding a +0 whip.
An orc is nearby!
An orc is nearby!
You grow a pair of large bovine horns.
Your feet morph into talons.
Your +0 helmet melds into your body.
Your +1 pair of boots melds into your body.
The orc shouts!
An orc comes into view. It is wielding a +0 club.
An orc comes into view. It is wielding a +0 whip.
You barely miss the orc.
You touch the orc!
You kill the orc!
You see here a +0 whip.
You hit the orc. You claw the orc. You headbutt the orc.
You kill the orc!
Your transformation is almost over.
No target in view!
No target in view!
No target in view!
No target in view!
Things that are here:
a +0 whip; an orc corpse An adder comes into view.
The adder hisses angrily.
An adder is nearby!
An adder is nearby!
An orc comes into view. It is wielding a +0 short sword.
The orc shouts!
You hit the orc. Your punch misses the orc.
The orc is heavily wounded.
You hear a shout! x2
The orc hits you with a +0 short sword.
You closely miss the orc.
You touch the orc.
You kill the orc!
You hit the adder but do no damage. You headbutt the adder.
The adder is moderately wounded.
Your horns disappear.
Your talons disappear.
Your +0 helmet unmelds from your body.
Your +1 pair of boots unmelds from your body.
The adder bites you but does no damage.
An orc comes into view. It is wielding a +0 flail.
You hit the adder.
You touch the adder.
You kill the adder!
You punch the orc!
You kill the orc!
No target in view!
No target in view!
No target in view!
No target in view!
Items here: ) [ ††.
An orc is nearby!
You punch the orc!
You kill the orc!
No target in view!
No target in view!
No target in view!
No target in view!
No target in view!
No target in view!
No target in view!
No target in view!
Things that are here:
a +0 club; an orc corpse
Things that are here:
a +0 club; an orc corpse You now have 345 gold pieces (gained 5).
An iguana comes into view.
An iguana is nearby!
An iguana is nearby!
An iguana is nearby!
You grow a pair of large bovine horns.
Your feet morph into talons.
Your +0 helmet melds into your body.
Your +1 pair of boots melds into your body.
The iguana hisses angrily.
You hear an angry hiss.
An iguana comes into view.
You hit the iguana.
The iguana is moderately wounded.
You barely miss the iguana. You claw the iguana, but do no damage.
You headbutt the iguana, but do no damage.
The iguana is moderately wounded.
The iguana closely misses you.
You barely miss the iguana. You claw the iguana.
Your headbutt misses the iguana.
You touch the iguana!
The iguana is severely wounded.
The iguana bites you.
You punch the iguana!
You kill the iguana!
The iguana bites you!
You see here an iguana corpse.
You barely miss the iguana.
Your transformation is almost over.
The iguana bites you but does no damage.
You punch the iguana! Your kick misses the iguana.
The iguana is severely wounded.
You closely miss the iguana. You headbutt the iguana.
You kill the iguana!
No target in view!
No target in view!
Your horns disappear.
Your talons disappear.
Your +0 helmet unmelds from your body.
Your +1 pair of boots unmelds from your body.
Found a stone staircase leading up.
You see here an iguana corpse.
Found a stone staircase leading up.
No target in view!
There is a stone staircase leading up here.
You see here an iguana corpse.
You see here an iguana corpse.
Done exploring.
Done exploring.
Done exploring.
Done exploring.
No target in view!
(D) Dungeon (T) Temple
Where to? (Enter - D:6, ? - help)
There is a stone staircase leading up here.
You see here a +0 leather armour.
There is a stone staircase leading down here.
You climb downwards.
There is a stone staircase leading up here.
A gnoll sergeant and Duvessa come into view.
The gnoll sergeant is wielding a +0 spear and carrying a wand of polymorph (5).
Duvessa moves out of view.
A gnoll sergeant is nearby!
A gnoll sergeant is nearby!
You grow a pair of large bovine horns.
Your feet morph into talons.
Your +0 helmet melds into your body.
Your +1 pair of boots melds into your body.
The gnoll sergeant shouts!
Duvessa hits you with a +0 short sword.
The gnoll sergeant hits you but does no damage.
You closely miss Duvessa. You headbutt Duvessa.
You touch Duvessa!
Duvessa is heavily wounded.
Duvessa completely misses you.
You punch Duvessa! Your kick misses Duvessa.
You touch Duvessa!
You kill Duvessa!
You hear a distant wail of despair.
The gnoll sergeant hits you from afar with a +0 spear.
A shadow imp comes into view.
Your transformation is almost over.
The gnoll sergeant zaps a wand.
You easily resist.
The shadow imp moves out of view.
Things that are here:
a +0 short sword; a +0 scale mail; 12 gold pieces You punch the gnoll sergeant!
Your headbutt misses the gnoll sergeant.
The gnoll sergeant is moderately wounded.
You hear a shout! x2
The gnoll sergeant zaps a wand.
You easily resist.
You barely miss the gnoll sergeant. You claw the gnoll sergeant.
You touch the gnoll sergeant!
You kill the gnoll sergeant!
Dowan, Brother of Duvessa comes into view.
He is wielding a +0 dagger.
You barely miss Dowan. You claw Dowan. You punch Dowan, but do no damage.
Dowan is lightly wounded.
Dowan seems to find hidden reserves of power!
Dowan gestures at you while chanting. The stone arrow hits you!
You closely miss Dowan. Your headbutt misses Dowan.
You touch Dowan!
Dowan is severely wounded.
A killer bee comes into view.
Dowan closely misses you.
You closely miss Dowan. Your punch misses Dowan.
Dowan is severely wounded.
Dowan hits you with a +0 dagger. Dowan gestures at you while chanting.
The stone arrow hits you!
* * * LOW HITPOINT WARNING * * *
You are too injured to fight recklessly!
You are too injured to fight recklessly!
You hit Dowan but do no damage. Your kick misses Dowan.
Dowan is severely wounded.
A killer bee comes into view.
Dowan misses you.
You hit Dowan. Your kick misses Dowan.
Dowan is almost dead.
A killer bee comes into view.
Dowan barely misses you.
The killer bee moves out of view.
You hit Dowan but do no damage. You claw Dowan.
You kill Dowan!
You punch the killer bee! Your kick misses the killer bee.
Your touch misses the killer bee.
The killer bee is severely wounded.
The killer bee closely misses you. The killer bee stings you.
You are poisoned.
The killer bee poisons you!
You punch the killer bee!
You kill the killer bee!
You feel sick.
You hit the killer bee. Your punch misses the killer bee.
The killer bee is moderately wounded.
Your horns disappear.
Your talons disappear.
Your +0 helmet unmelds from your body.
Your +1 pair of boots unmelds from your body.
You feel sick. The killer bee stings you.
The killer bee stings you but does no damage.
You barely miss the killer bee.
The killer bee is moderately wounded.
You feel sick. The killer bee closely misses you.
You barely miss the killer bee. Your touch misses the killer bee.
The killer bee is moderately wounded.
You feel sick. The killer bee closely misses you. The killer bee misses you.
You punch the killer bee!
The killer bee is almost dead.
You feel sick. The killer bee stings you.
You are more poisoned.
The killer bee poisons you! The killer bee barely misses you.
You barely miss the killer bee. Your punch misses the killer bee.
The killer bee is almost dead.
You feel sick.
The killer bee stings you but does no damage.
You completely miss the killer bee. Your touch misses the killer bee.
The killer bee is almost dead.
You feel sick. The killer bee barely misses you.
You barely miss the killer bee. Your touch misses the killer bee.
The killer bee is almost dead.
You feel sick. The killer bee closely misses you. The killer bee misses you.
You punch the killer bee!
You kill the killer bee!
You feel sick. The killer bee misses you.
You closely miss the killer bee.
You feel sick. The killer bee completely misses you.
You miss the killer bee.
You feel sick. The killer bee stings you.
* * * LOW HITPOINT WARNING * * *
The killer bee misses you.
You miss the killer bee. Your touch misses the killer bee.
You feel sick.
The killer bee stings you but does no damage.
You hit the killer bee. Your touch misses the killer bee.
The killer bee is moderately wounded.
You feel sick. The killer bee closely misses you. The killer bee stings you.
* * * LOW HITPOINT WARNING * * *
Really quaff the potion of lignification?
You turn into a tree.
Your +0 helmet melds into your body.
Your +0 pair of gloves melds into your body.
Your +1 pair of boots melds into your body.
Your +0 robe melds into your body.
Your roots penetrate the ground.
You feel sick. The killer bee completely misses you.
The killer bee stings you but does no damage.
You smack the killer bee!
You kill the killer bee!
You swing at nothing.
You feel sick.
You barely miss the shadow imp.
You feel sick.
You are no longer poisoned.
The shadow imp hits you but does no damage.
You pummel the shadow imp!!
You kill the shadow imp!
You swing at nothing.
You swing at nothing.
You start resting.
Your transformation is almost over.
You feel less wooden.
Your +0 helmet unmelds from your body.
Your +0 pair of gloves unmelds from your body.
Your +1 pair of boots unmelds from your body.
Your +0 robe unmelds from your body.
You start resting.
An orc is nearby!
No target in view!
No target in view!
No target in view!
No target in view!
No target in view!
No target in view!
No target in view!
No target in view!
No target in view!
No target in view!
No target in view!
An orc is nearby!
You hit the orc. Your touch misses the orc.
The orc is lightly wounded.
The orc hits you but does no damage.
The orc wizard shouts!
You hit the orc but do no damage.
The orc is lightly wounded.
You hear a shout! x2
You punch the orc!
You kill the orc!
The orc wizard casts a spell at you. The magic dart hits you.
The orc wizard closely misses you.
You hit the orc wizard but do no damage.
You touch the orc wizard!
The orc wizard is severely wounded.
You completely miss the orc wizard. Your touch misses the orc wizard.
The orc wizard is severely wounded.
The orc wizard points at you and mumbles some strange words.
The puff of flame hits you. The orc hits you with a +0 short sword.
You hit the orc wizard.
You kill the orc wizard!
You punch the orc!
You kill the orc!
You barely miss the orc. The orc hits you with a +0 club.
You barely miss the orc.
The orc priest looks encouraged for a moment.
The orc completely misses you.
You hit the orc. You punch the orc, but do no damage.
The orc is almost dead.
The orc closely misses you.
You closely miss the orc. Your touch misses the orc.
The orc is severely wounded.
You hit the orc but do no damage. Your touch misses the orc.
The orc is severely wounded.
The orc closely misses you.
You punch the orc!
You kill the orc!
The orc priest hits you but does no damage.
You punch the orc priest!
You touch the orc priest!
You kill the orc priest!
No target in view!
No target in view!
No target in view!
No target in view!
No target in view!
No target in view!
No target in view!
No target in view!
No target in view!
No target in view!
You drop 4 scrolls of noise.
As you read the scroll labelled POPYFU PUCEAXAWE, it crumbles to dust.
It is a scroll of identify.
i - 2 scrolls of fear
As you read the scroll of identify, it crumbles to dust.
h - 2 scrolls of blinking
As you read the scroll of identify, it crumbles to dust.
e - 5 potions of curing
As you read the scroll of identify, it crumbles to dust.
x - 3 potions of heal wounds
Okay, then.
HP restored.
i - 3 scrolls of fear (gained 1)
Things that are here:
a +0 leather armour; a +0 short sword; an orc corpse You see here a +0 dagger.
f - a ring of willpower
Things that are here:
a +0 leather armour; a +0 whip; an orc corpse
f - a ring of willpower (right hand)
You now have 357 gold pieces (gained 12).
Things that are here:
a +0 scale mail; a +0 short sword
k - a wand of polymorph (3)
Items here: )) ? [[ ÷ ††.
Things that are here:
a +0 scale mail; a +0 short sword You see here 4 scrolls of noise.
e - 6 potions of curing (gained 1)
Items here: )) [[.
Found a club.
Found an escape hatch in the floor.
J - a bubbling inky potion
I - 2 scrolls labelled VOT VECORCHYOSH (gained 1)
You open the door.
Found a stone staircase leading down.
There is an open door here.
Found a stone staircase leading up.
There is an open door here.
You see here a +0 rapier of flaming.
There is a stone staircase leading up here.
A gnoll sergeant comes into view. It is wielding a +0 spear.
A gnoll sergeant is nearby!
A gnoll sergeant is nearby!
No target in view!
You grow a pair of large bovine horns.
Your feet morph into talons.
Your +0 helmet melds into your body.
Your +1 pair of boots melds into your body.
No target in view!
No target in view!
Your transformation is almost over.
Magic restored.
A howler monkey comes into view.
Your horns disappear.
Your talons disappear.
Your +0 helmet unmelds from your body.
Your +1 pair of boots unmelds from your body.
No target in view!
No target in view!
No target in view!
The howler monkey hoots and howls with incredible vigour!
You hear a howl! x2; You hear an angry buzzing noise. x4
A howler monkey comes into view.
You grow a pair of large bovine horns.
Your feet morph into talons.
Your +0 helmet melds into your body.
Your +1 pair of boots melds into your body.
The howler monkey hits you!
A howler monkey comes into view.
The howler monkey hits you.
You closely miss the howler monkey.
You claw the howler monkey, but do no damage.
The howler monkey closely misses you.
You barely miss the howler monkey. You claw the howler monkey!
You touch the howler monkey!
The howler monkey is severely wounded.
The howler monkey hits you.
You punch the howler monkey!
You kill the howler monkey!
The howler monkey hoots and howls with incredible vigour!
You hear a shout! x2; You hear an angry buzzing noise. x3
You hit the howler monkey. You claw the howler monkey.
Your headbutt misses the howler monkey.
The howler monkey is heavily wounded.
The howler monkey hoots and howls with incredible vigour!
You hear a shout! x2
You closely miss the howler monkey. Your kick misses the howler monkey.
You touch the howler monkey!
The howler monkey is almost dead.
The howler monkey misses you.
The howler monkey completely misses you.
You hit the howler monkey. You claw the howler monkey.
You kill the howler monkey!
The howler monkey hits you.
You punch the howler monkey!
You claw the howler monkey, but do no damage.
You touch the howler monkey.
You kill the howler monkey!
No target in view!
No target in view!
No target in view!
No target in view!
No target in view!
No target in view!
No target in view!
No target in view!
No target in view!
No target in view!
No target in view!
No target in view!
No target in view!
No target in view!
Your transformation is almost over.
A gnoll comes into view. It is wielding a +0 spear.
A gnoll is nearby!
A gnoll is nearby!
A gnoll is nearby!
A gnoll and a killer bee come into view.
The gnoll sergeant shouts!
The gnoll shouts!
You hear an angry buzzing noise.
A killer bee comes into view.
The gnoll hits you from afar with a +0 spear.
A killer bee comes into view.
The killer bee buzzes angrily.
You hear a shout!
A killer bee comes into view.
A gnoll comes into view. It is wielding a +0 whip.
A white imp comes into view.
The gnoll barely misses you.
You extend your transformation's duration.
The killer bee buzzes angrily. x2
A killer bee comes into view.
The gnoll hits you but does no damage.
A gnoll comes into view. It is wielding a +0 spear.
You closely miss the killer bee.
The killer bee buzzes angrily.
Your touch misses the killer bee. The killer bee barely misses you. x2
The gnoll hits you with a +0 spear!
The white imp shouts, "Take thy face hence, thou euchred weather-bitten slabber!"
The gnoll attacks as you move away! The gnoll hits you with a +0 spear.
The killer bee attacks as you move away!
The killer bee stings you.
* * * LOW HITPOINT WARNING * * *
You are poisoned.
The killer bee poisons you!
You feel very sick. The killer bee stings you.
* * * LOW HITPOINT WARNING * * *
The killer bee closely misses you.
The gnoll hits you from afar with a +0 spear.
* * * LOW HITPOINT WARNING * * *
You feel sick. The killer bee stings you.
* * * LOW HITPOINT WARNING * * *
You are lethally poisoned!
The killer bee poisons you! The killer bee barely misses you.
You see here a howler monkey corpse.
The killer bee attacks as you move away!
The killer bee misses you.
* * * LOW HITPOINT WARNING * * *
You feel very sick. The killer bee stings you.
* * * LOW HITPOINT WARNING * * *
You are more poisoned.
The killer bee poisons you! The killer bee barely misses you.
The killer bee attacks as you move away!
The killer bee stings you.
* * * LOW HITPOINT WARNING * * *
You are more poisoned.
The killer bee poisons you!
You die...

#....###### ##
#....'....##...... .#
#....##.#.#....... .#
#....##.#.#....... .#
#....##.#.#.....# .##
#....##.#@#.....#
..######....##.#.#.....#.
......##.......yyy.......
..#.#.##.#.......g.###.###
###.......########........
###.....# #gg.###.. ##
##.##.# #y#.# #.
######.##..# .gg5# #.#.
..)....###...


yy. ~ ?..Y You could see a gnoll sergeant, 4 killer bees, 3 gnolls and a white
imp.

Vanquished Creatures
  2 hornets
  Sigmund (D:6)
  A wyvern (D:7)
  A steam dragon (D:7)
  Edmund (D:6)
  A water moccasin (D:6)
  Duvessa (D:7)
  A black bear (D:5)
  2 sky beasts
  An ice beast (D:7)
  3 ogres
  2 phantoms
  2 necrophages
  2 gnoll sergeants
  A scorpion (D:4)
  Dowan (D:7)
  3 killer bees (D:7)
  4 howler monkeys (D:7)
  5 hounds
  3 orc priests
  3 jellies
  7 iguanas
  An orc wizard (D:7)
  6 gnolls
  10 adders
  A shadow imp (D:7)
  A white imp (D:5)
  An ufetubus (D:6)
  A worm (D:2)
  5 dart slugs
  13 orcs
  6 ball pythons
  6 bats
  4 endoplasms
  5 giant cockroaches
  9 goblins
  13 hobgoblins
  5 quokkas
  2 frilled lizards (D:3)
  5 kobolds
  5 rats
147 creatures vanquished.

Vanquished Creatures (collateral kills)
  3 gnolls (D:8)
3 creatures vanquished.

Vanquished Creatures (others)
  An orc warrior (D:7)
  5 fungi (D:2)
  10 plants
16 creatures vanquished.

Grand Total: 166 creatures vanquished

Notes
Turn   | Place    | Note
-------+----------+-------------------------------------------
     0 | D:1      | sleeves the Demonspawn Transmuter began the quest for the
                  | Orb.
     0 | D:1      | Reached XP level 1. HP: 15/15 MP: 3/3
    36 | D:1      | Reached skill level 3 in Unarmed Combat
   177 | D:1      | Gained mutation: Your touch may inflict minor irresistible
                  | damage on your foes. [demonic ancestry]
   177 | D:1      | Reached XP level 2. HP: 21/21 MP: 3/5
   598 | D:1      | Reached XP level 3. HP: 26/26 MP: 6/6
   928 | D:2      | Reached skill level 4 in Unarmed Combat
   989 | D:2      | Found Fifiptu's Weapon Shop.
  1112 | D:2      | HP: 13/26 [poisoned by an adder]
  1113 | D:2      | Reached XP level 4. HP: 16/32 MP: 5/7
  1402 | D:2      | Found a faded altar of an unknown god.
  1454 | D:2      | Got the Precepts of the Summer
  1497 | D:2      | HP: 16/32 [adder (4)]
  1501 | D:2      | HP: 7/32 [poisoned by an adder]
  1506 | D:2      | HP: 3/32 [poisoned by an adder]
  1653 | D:3      | Reached skill level 5 in Unarmed Combat
  2186 | D:3      | Reached XP level 5. HP: 32/37 MP: 8/8
  2486 | D:4      | Reached skill level 6 in Unarmed Combat
  2490 | D:4      | Gained mutation: You regenerate a little health from kills.
                  | [demonic ancestry]
  2490 | D:4      | Reached XP level 6. HP: 32/43 MP: 9/9
  2790 | D:4      | Found a staircase to the Ecumenical Temple.
  2840 | Temple   | Entered the Ecumenical Temple
  3082 | D:4      | Found Kaplyb's Distillery.
  3221 | D:5      | Entered Level 5 of the Dungeon
  3279 | D:5      | Reached skill level 7 in Unarmed Combat
  3303 | D:5      | HP: 20/43 [ogre/+0 giant spiked club (3)]
  3305 | D:5      | Gained mutation: Your touch may inflict irresistible damage
                  | on your foes. [demonic ancestry]
  3305 | D:5      | Reached XP level 7. HP: 23/48 MP: 8/10
  3525 | D:5      | Reached skill level 8 in Unarmed Combat
  3736 | D:5      | Identified the +8 sling of the Saviour {flame, rC+ Stlth+}
  4044 | D:6      | Noticed Sigmund
  4047 | D:6      | Killed Sigmund
  4048 | D:6      | Reached skill level 9 in Unarmed Combat
  4048 | D:6      | Reached XP level 8. HP: 48/54 MP: 11/11
  4086 | D:6      | Noticed Edmund
  4105 | D:6      | Killed Edmund
  4276 | D:6      | Reached skill level 10 in Unarmed Combat
  4283 | D:6      | You fall into a shaft and drop 3 floors!
  4289 | D:9      | Noticed a two-headed ogre
  4304 | D:9      | Noticed a boulder beetle
  4315 | D:8      | Noticed a hornet
  4339 | D:8      | HP: 25/54 [gnoll sergeant/+0 trident (7)]
  4456 | D:8      | Killed a hornet
  4702 | D:7      | Reached skill level 11 in Unarmed Combat
  4705 | D:7      | Gained mutation: You have a somewhat thin skeletal
                  | structure. (Dex +2, Stealth+) [demonic ancestry]
  4705 | D:7      | Reached XP level 9. HP: 59/59 MP: 12/12
  4750 | D:7      | HP: 11/59 [steam dragon/ball of steam (22)]
  4753 | D:7      | HP: 2/59 [something (5)]
  5085 | D:6      | Reached skill level 12 in Unarmed Combat
  5165 | D:6      | Identified the +8 whip "Anuteis" {freeze, rCorr MP+9}
  5747 | D:7      | Noticed Duvessa
  5753 | D:7      | Killed Duvessa
  5756 | D:7      | Noticed Dowan
  5759 | D:7      | HP: 28/59 [Dowan/stone arrow (14)]
  5762 | D:7      | Killed Dowan
  5769 | D:7      | HP: 29/59 [poisoned by a killer bee]
  5774 | D:7      | HP: 26/59 [poisoned by a killer bee]
  5779 | D:7      | HP: 27/88 [poisoned by a killer bee]
  6134 | D:7      | HP: 29/59 [killer bee (2)]
  6135 | D:7      | HP: 14/59 [killer bee (6)]
  6137 | D:7      | HP: 4/59 [killer bee (3)]
  6137 | D:7      | Succumbed to a killer bee's poison

Illustrated notes

Levels and vault maps discovered:
D:1:      lightli_molten_gateway, layout_loops_ring
D:2:      layout_rooms, serial_shops, nicolae_square_shop,
          shapermc_ecumenical_altar_mp_urbaneastern, minivault_23
D:3:      layout_loops_cross
D:4:      layout_basic, minmay_temple_entry_enclosed_plants, serial_shops,
          kennysheep_little_box, minmay_checkerbox
D:5:      layout_gridville, nrook_loot_triangle
D:6:      layout_loops_cross, st_stairs_12, kennysheep_minor_cross,
          sigmund_edmund_badplayer
D:7:      layout_basic, gammafunk_temple_overflow_claw,
          nicolae_sif_muna_little_library, serial_bayou_pond_b, nicolae_titane,
          uniq_duvessa
D:8:      layout_loops_ring, nicolae_diode_intersection
D:9:      minmay_blocky_corners, layout_basic, nicolae_ashenzari_skybound,
          minmay_overflow_temple_hex, serial_shops, nicolae_lakefront_shop
Temple:   nicolae_temple_colour_theory

Skill      XL: |  1  2  3  4  5  6  7  8  9 |
---------------+----------------------------+-----
Unarmed Combat | 3 4 5 6 7 9 11 12 | 12.9
Fighting       | |  1.0
Dodging        | |  1.7
Spellcasting   | |  2.0
Transmutations | |  1.7

Action                   |  1- 3 |  4- 6 |  7- 9 || total
-------------------------+-------+-------+-------++-------
Melee: Unarmed           |    77 |   123 |   187 ||   387
       Kick              |    16 |    18 |    24 ||    58
       Punch             |     2 |     1 |     6 ||     9
       Touch             |    10 |    17 |    37 ||    64
       Headbutt          |     4 |     6 |    10 ||    20
 Fire: Sling             |       |       |    26 ||    26
 Cast: Beastly Appendage |    21 |    15 |    18 ||    54
Evoke: Wand              |       |       |     9 ||     9
  Use: Scroll            |       |       |     6 ||     6
       Potion            |       |       |     1 ||     1
 Stab: Sleeping          |       |     1 |     1 ||     2
Armor: Robe              |    14 |    22 |    31 ||    67
       Skin              |       |       |     2 ||     2
Dodge: Dodged            |    51 |    57 |   103 ||   211

Table legend: (Time is in decaauts)
 A = Elapsed time spent in this place.
 B = Non-inter-level travel time spent in this place.
 C = Inter-level travel time spent in this place.
 D = Time resting spent in this place.
 E = Time spent auto-exploring this place.
 F = Levels seen in this place.
 G = Mean time per level.
                   A        B        C        D        E       F      G
               +--------+--------+--------+--------+--------+-----+--------+
         Total |   6088 |   5943 |    145 |    555 |   4274 |  10 |  608.8 |
       Dungeon |   6013 |   5875 |    138 |    555 |   4210 |   9 |  668.1 |
        Temple |     74 |     68 |      6 |      0 |     64 |   1 |   74.0 |
               +--------+--------+--------+--------+--------+-----+--------+

Top non-repeatable levels by time:
     D:6: 960 daAuts
     D:1: 873 daAuts
     D:4: 797 daAuts
     D:5: 795 daAuts
     D:2: 766 daAuts
     D:3: 692 daAuts
     D:7: 574 daAuts
     D:8: 531 daAuts
  Temple: 74 daAuts
     D:9: 22 daAuts
